[ PARTIDA AOE2 · #461360416 ]
Team RMSarracenos vs Japanese
[ ANÁLISIS DE REPETICIÓN · EXTRAÍDO DE LA PARTIDA GRABADA ]
Feudal
15:31
Castillos
21:00
Imperial
36:39
| APM promedio | 26.6 |
| APM pico | 80 |
| eAPM promedio | 11.1 |
| Aldeanos / militares | 73 / 65 |
Foco
⚔️ 28.5% · 🌾 71.5%
Mameluke ×52 · Fishing Ship ×8 · Galley ×4 · Fire Galley ×4 · Battering Ram ×3 · Trebuchet (Packed) ×2
Feudal
28:48
Castillos
32:50
Imperial
—
| APM promedio | 12.9 |
| APM pico | 27 |
| eAPM promedio | 9.4 |
| Aldeanos / militares | 79 / 32 |
Foco
⚔️ 26.4% · 🌾 73.6%
Spearman ×14 · Militia ×13 · Fishing Ship ×5 · Scorpion ×3 · Battering Ram ×2
Feudal
13:08
Castillos
21:48
Imperial
—
| APM promedio | 26.7 |
| APM pico | 71 |
| eAPM promedio | 15.5 |
| Aldeanos / militares | 80 / 31 |
Foco
⚔️ 24.1% · 🌾 75.9%
Knight ×14 · Scout Cavalry ×9 · Fishing Ship ×7 · Fire Galley ×4 · Mangonel ×3 · Ballista Elephant ×1
Feudal
15:52
Castillos
23:13
Imperial
36:21
| APM promedio | 27.4 |
| APM pico | 51 |
| eAPM promedio | 16.2 |
| Aldeanos / militares | 88 / 61 |
Foco
⚔️ 21.4% · 🌾 78.6%
Fishing Ship ×45 · Battle Elephant ×38 · Fire Galley ×18 · Demolition Raft ×5 · Unknown (2626) ×4
Feudal
17:49
Castillos
29:51
Imperial
—
| APM promedio | 18.1 |
| APM pico | 58 |
| eAPM promedio | 11.9 |
| Aldeanos / militares | 74 / 53 |
Foco
⚔️ 17.8% · 🌾 82.2%
War Wagon ×53 · Fishing Ship ×31
Feudal
28:32
Castillos
31:52
Imperial
—
| APM promedio | 16.8 |
| APM pico | 51 |
| eAPM promedio | 9.9 |
| Aldeanos / militares | 76 / 8 |
Foco
⚔️ 11.3% · 🌾 88.7%
Spearman ×5 · Knight ×3
Feudal
13:43
Castillos
22:13
Imperial
40:34
| APM promedio | 29.4 |
| APM pico | 64 |
| eAPM promedio | 16.4 |
| Aldeanos / militares | 85 / 111 |
Foco
⚔️ 30.5% · 🌾 69.5%
Archer ×35 · Skirmisher ×30 · Battle Elephant ×21 · Rattan Archer ×17 · Fishing Ship ×16 · Spearman ×5
Feudal
16:46
Castillos
26:33
Imperial
36:13
| APM promedio | 24.8 |
| APM pico | 61 |
| eAPM promedio | 12.9 |
| Aldeanos / militares | 69 / 61 |
Foco
⚔️ 28.0% · 🌾 72.0%
Samurai ×46 · Fishing Ship ×24 · Unknown (2626) ×12 · Spearman ×7 · Trebuchet (Packed) ×3 · Fire Galley ×2
Mapa de la partida
Recursos iniciales + cada clic de construcción. Líneas = muros · curvas = relieve. ◆ oro · ⬟ piedra · ● bayas · ✦ reliquia · ◌ hueco del cierre
Tu base· Abierta — hueco de 5t
Base de Swordfish· Abierta — flanco sin cerrar
Base de idle villager· Abierta — hueco de 6t
Base de 吊不粗何以出國門· Abierta — hueco de 14t
Base de 香江七百萬大才子· Abierta — flanco sin cerrar
Base de Waku Waku· Abierta — flanco sin cerrar
Base de 乳不巨何以聚人心· Abierta — flanco sin cerrar
Base de 死道友不死贫道· Abierta — flanco sin cerrar
Terreno inicial suavizado · ◌ = hueco del cierre detectado · pasá el cursor para detalles
Inputs por minuto
— kyy - - Swordfish
Build order — kyy
Primeras 150 de 220 acciones detectadas
| 0:15 | Construir | Town Center |
| 0:41 | Construir | House |
| 1:47 | Construir | Dock |
| 2:35 | Construir | House |
| 2:38 | Crear | Villager (Male) |
| 2:38 | Crear | Villager (Male) |
| 2:38 | Crear | Villager (Male) |
| 2:39 | Crear | Villager (Male) |
| 2:39 | Crear | Villager (Male) |
| 4:07 | Investigar | Loom |
| 4:34 | Crear | Fishing Ship |
| 4:50 | Crear | Villager (Male) |
| 5:34 | Crear | Villager (Male) |
| 5:34 | Crear | Villager (Male) |
| 6:12 | Crear | Villager (Male) |
| 6:14 | Crear | Fishing Ship |
| 6:14 | Crear | Fishing Ship |
| 6:14 | Crear | Fishing Ship |
| 6:58 | Crear | Villager (Male) |
| 7:04 | Construir | House |
| 7:44 | Crear | Villager (Male) |
| 7:45 | Crear | Villager (Male) |
| 7:45 | Crear | Villager (Male) |
| 7:45 | Crear | Villager (Male) |
| 8:09 | Crear | Villager (Male) |
| 8:10 | Crear | Villager (Male) |
| 9:18 | Crear | Fishing Ship |
| 9:18 | Crear | Fishing Ship |
| 9:25 | Crear | Villager (Male) |
| 9:25 | Crear | Villager (Male) |
| 9:46 | Crear | Villager (Male) |
| 9:51 | Crear | Fishing Ship |
| 9:54 | Construir | House |
| 10:38 | Crear | Villager (Male) |
| 10:39 | Crear | Villager (Male) |
| 10:47 | Crear | Villager (Male) |
| 10:47 | Crear | Villager (Male) |
| 10:53 | Construir | House |
| 11:06 | Crear | Fishing Ship |
| 11:29 | Construir | House |
| 12:20 | Construir | Lumber Camp |
| 12:31 | Crear | Villager (Male) |
| 12:32 | Crear | Villager (Male) |
| 12:47 | Construir | Dock |
| 13:14 | Investigar | Feudal Age |
| 13:27 | Construir | Mining Camp |
| 14:17 | Crear | Villager (Male) |
| 14:17 | Crear | Villager (Male) |
| 15:31 | Edad | Edad Feudal |
| 15:41 | Construir | Watch Tower |
| 15:54 | Construir | House |
| 16:00 | Crear | Villager (Male) |
| 16:01 | Crear | Villager (Male) |
| 16:45 | Construir | Mill |
| 17:11 | Construir | Mining Camp |
| 17:22 | Construir | Market |
| 17:30 | Crear | Villager (Male) |
| 17:31 | Crear | Villager (Male) |
| 17:31 | Crear | Villager (Male) |
| 17:31 | Crear | Villager (Male) |
| 17:45 | Construir | Blacksmith |
| 18:14 | Investigar | Castle Age |
| 19:08 | Crear | Galley |
| 19:08 | Crear | Galley |
| 19:10 | Crear | Galley |
| 19:10 | Crear | Galley |
| 19:54 | Crear | Villager (Male) |
| 19:54 | Crear | Villager (Male) |
| 21:00 | Edad | Edad de los Castillos |
| 21:05 | Construir | Castle |
| 21:18 | Crear | Villager (Male) |
| 21:18 | Crear | Villager (Male) |
| 21:18 | Crear | Villager (Male) |
| 21:21 | Construir | House |
| 21:22 | Construir | House |
| 21:44 | Construir | Siege Workshop |
| 22:13 | Crear | Villager (Male) |
| 22:13 | Crear | Villager (Male) |
| 22:24 | Crear | Villager (Male) |
| 22:25 | Crear | Villager (Male) |
| 22:33 | Crear | Mameluke |
| 23:06 | Crear | Battering Ram |
| 23:10 | Crear | Villager (Male) |
| 23:37 | Crear | Mameluke |
| 23:37 | Crear | Mameluke |
| 24:20 | Crear | Mameluke |
| 24:42 | Crear | Battering Ram |
| 24:47 | Crear | Mameluke |
| 24:47 | Crear | Mameluke |
| 25:09 | Construir | Farm |
| 25:11 | Construir | Farm |
| 25:11 | Construir | Farm |
| 25:12 | Construir | Farm |
| 25:12 | Construir | Farm |
| 25:13 | Construir | Farm |
| 25:13 | Construir | Farm |
| 25:13 | Construir | Farm |
| 25:31 | Crear | Mameluke |
| 25:31 | Crear | Mameluke |
| 26:15 | Crear | Battering Ram |
| 26:36 | Crear | Villager (Male) |
| 26:36 | Crear | Villager (Male) |
| 26:36 | Crear | Villager (Male) |
| 26:36 | Crear | Villager (Male) |
| 26:52 | Crear | Villager (Male) |
| 26:53 | Crear | Villager (Male) |
| 28:05 | Crear | Villager (Male) |
| 28:05 | Crear | Villager (Male) |
| 28:06 | Crear | Villager (Male) |
| 28:07 | Crear | Villager (Male) |
| 28:24 | Construir | Castle |
| 28:35 | Crear | Mameluke |
| 28:35 | Crear | Mameluke |
| 29:24 | Crear | Villager (Male) |
| 29:25 | Crear | Villager (Male) |
| 30:27 | Crear | Fire Galley |
| 30:28 | Crear | Fire Galley |
| 30:28 | Crear | Fire Galley |
| 30:29 | Crear | Fire Galley |
| 30:34 | Crear | Villager (Male) |
| 31:29 | Crear | Villager (Male) |
| 31:29 | Crear | Villager (Male) |
| 32:28 | Crear | Villager (Male) |
| 32:36 | Construir | Mining Camp |
| 32:42 | Crear | Villager (Male) |
| 32:43 | Crear | Villager (Male) |
| 33:29 | Investigar | Imperial Age |
| 33:35 | Investigar | Double-Bit Axe |
| 34:20 | Crear | Mameluke |
| 34:20 | Crear | Mameluke |
| 34:21 | Crear | Mameluke |
| 35:00 | Construir | Farm |
| 35:00 | Construir | Farm |
| 35:01 | Construir | Farm |
| 35:01 | Construir | Farm |
| 35:01 | Construir | Farm |
| 35:01 | Construir | Farm |
| 35:02 | Construir | Farm |
| 35:02 | Construir | Farm |
| 35:02 | Construir | Farm |
| 35:19 | Crear | Mameluke |
| 35:19 | Crear | Mameluke |
| 35:41 | Crear | Mameluke |
| 35:41 | Crear | Mameluke |
| 35:49 | Investigar | Gold Mining |
| 36:39 | Edad | Edad Imperial |
| 36:40 | Crear | Trebuchet (Packed) |
| 36:44 | Crear | Trebuchet (Packed) |
| 37:00 | Construir | Farm |
| 37:01 | Construir | Farm |
Build order — Swordfish
Primeras 150 de 191 acciones detectadas
| 0:15 | Construir | Town Center |
| 0:59 | Construir | Dock |
| 2:51 | Crear | Villager (Male) |
| 2:51 | Crear | Villager (Male) |
| 2:52 | Crear | Villager (Male) |
| 2:53 | Crear | Villager (Male) |
| 2:56 | Investigar | Loom |
| 3:05 | Construir | House |
| 3:41 | Crear | Villager (Male) |
| 4:19 | Construir | House |
| 4:36 | Crear | Villager (Male) |
| 5:13 | Crear | Villager (Male) |
| 5:13 | Crear | Villager (Male) |
| 6:38 | Crear | Villager (Male) |
| 6:38 | Crear | Villager (Male) |
| 6:39 | Crear | Villager (Male) |
| 7:15 | Construir | House |
| 7:35 | Crear | Villager (Male) |
| 7:36 | Crear | Villager (Male) |
| 8:27 | Construir | Lumber Camp |
| 8:35 | Crear | Villager (Male) |
| 9:15 | Crear | Villager (Male) |
| 9:22 | Crear | Villager (Male) |
| 9:23 | Crear | Villager (Male) |
| 9:33 | Crear | Fishing Ship |
| 10:10 | Construir | House |
| 10:25 | Crear | Villager (Male) |
| 11:33 | Crear | Villager (Male) |
| 11:46 | Crear | Fishing Ship |
| 11:49 | Crear | Fishing Ship |
| 12:04 | Crear | Villager (Male) |
| 12:38 | Construir | House |
| 13:17 | Crear | Villager (Male) |
| 13:19 | Crear | Villager (Male) |
| 14:12 | Crear | Villager (Male) |
| 14:13 | Crear | Villager (Male) |
| 15:17 | Crear | Villager (Male) |
| 15:26 | Construir | House |
| 17:40 | Crear | Villager (Male) |
| 17:40 | Crear | Villager (Male) |
| 17:41 | Crear | Villager (Male) |
| 18:25 | Construir | Mill |
| 18:55 | Crear | Villager (Male) |
| 18:56 | Crear | Villager (Male) |
| 18:56 | Crear | Villager (Male) |
| 19:04 | Construir | House |
| 19:07 | Crear | Fishing Ship |
| 19:11 | Crear | Fishing Ship |
| 22:11 | Construir | Town Center |
| 22:52 | Crear | Villager (Male) |
| 22:53 | Crear | Villager (Male) |
| 22:53 | Crear | Villager (Male) |
| 22:54 | Crear | Villager (Male) |
| 23:21 | Construir | Farm |
| 23:22 | Construir | Farm |
| 23:25 | Construir | Farm |
| 23:30 | Construir | House |
| 23:59 | Crear | Villager (Male) |
| 24:07 | Construir | House |
| 25:22 | Construir | House |
| 25:29 | Construir | House |
| 26:13 | Crear | Villager (Male) |
| 26:13 | Crear | Villager (Male) |
| 26:17 | Investigar | Feudal Age |
| 26:55 | Construir | Farm |
| 26:58 | Construir | Farm |
| 27:00 | Construir | Farm |
| 27:02 | Construir | Farm |
| 27:06 | Construir | Farm |
| 27:07 | Construir | Farm |
| 27:35 | Construir | Mining Camp |
| 28:05 | Construir | Farm |
| 28:16 | Construir | Farm |
| 28:21 | Construir | Farm |
| 28:30 | Construir | Barracks |
| 28:36 | Construir | House |
| 28:48 | Edad | Edad Feudal |
| 28:55 | Investigar | Wheelbarrow |
| 29:03 | Construir | Blacksmith |
| 29:23 | Construir | Market |
| 29:43 | Investigar | Gold Mining |
| 29:47 | Investigar | Double-Bit Axe |
| 29:54 | Investigar | Castle Age |
| 30:04 | Crear | Spearman |
| 30:05 | Crear | Spearman |
| 30:05 | Crear | Spearman |
| 30:21 | Construir | Barracks |
| 30:30 | Investigar | Scale Mail Armor |
| 30:31 | Investigar | Forging |
| 30:46 | Investigar | Horse Collar |
| 30:52 | Construir | Farm |
| 30:58 | Construir | Farm |
| 31:05 | Construir | Farm |
| 31:25 | Construir | Farm |
| 31:29 | Construir | Farm |
| 31:32 | Construir | Farm |
| 31:50 | Investigar | Man-at-Arms (upgrade) |
| 31:59 | Crear | Spearman |
| 31:59 | Crear | Spearman |
| 32:18 | Investigar | Arson |
| 32:22 | Crear | Militia |
| 32:22 | Crear | Militia |
| 32:24 | Crear | Militia |
| 32:24 | Crear | Militia |
| 32:50 | Edad | Edad de los Castillos |
| 33:10 | Construir | Mill |
| 33:17 | Investigar | Pikeman (upgrade) |
| 33:17 | Investigar | Long Swordsman (upgrade) |
| 33:23 | Crear | Villager (Male) |
| 33:26 | Crear | Villager (Male) |
| 33:45 | Construir | Siege Workshop |
| 33:56 | Crear | Militia |
| 33:56 | Crear | Militia |
| 34:07 | Investigar | Chain Mail Armor |
| 34:26 | Crear | Spearman |
| 34:26 | Crear | Spearman |
| 35:21 | Construir | Lumber Camp |
| 35:27 | Crear | Villager (Male) |
| 35:27 | Crear | Villager (Male) |
| 35:27 | Crear | Villager (Male) |
| 35:45 | Crear | Battering Ram |
| 36:43 | Crear | Militia |
| 36:44 | Crear | Militia |
| 36:44 | Crear | Militia |
| 36:44 | Crear | Militia |
| 36:46 | Crear | Spearman |
| 36:46 | Crear | Spearman |
| 36:47 | Crear | Spearman |
| 36:49 | Crear | Battering Ram |
| 36:54 | Crear | Villager (Male) |
| 36:54 | Crear | Villager (Male) |
| 36:55 | Crear | Villager (Male) |
| 36:55 | Crear | Villager (Male) |
| 37:13 | Construir | Town Center |
| 37:21 | Construir | House |
| 38:09 | Crear | Militia |
| 38:09 | Crear | Militia |
| 38:11 | Crear | Militia |
| 38:49 | Crear | Spearman |
| 38:50 | Crear | Spearman |
| 38:50 | Crear | Spearman |
| 38:51 | Crear | Spearman |
| 40:04 | Crear | Villager (Male) |
| 40:04 | Crear | Villager (Male) |
| 40:05 | Crear | Villager (Male) |
| 40:05 | Crear | Villager (Male) |
| 40:05 | Crear | Villager (Male) |
| 40:06 | Crear | Villager (Male) |
| 40:06 | Crear | Villager (Male) |
| 40:06 | Crear | Villager (Male) |
Build order — idle villager
Primeras 150 de 188 acciones detectadas
| 0:09 | Construir | Town Center |
| 0:37 | Construir | Dock |
| 0:38 | Construir | House |
| 2:38 | Crear | Villager (Male) |
| 2:39 | Crear | Villager (Male) |
| 2:39 | Crear | Villager (Male) |
| 2:39 | Crear | Villager (Male) |
| 3:44 | Crear | Villager (Male) |
| 3:52 | Crear | Fishing Ship |
| 4:22 | Investigar | Loom |
| 4:27 | Construir | House |
| 5:12 | Construir | Palisade Wall |
| 5:23 | Crear | Villager (Male) |
| 5:24 | Crear | Fishing Ship |
| 5:41 | Crear | Villager (Male) |
| 6:14 | Crear | Villager (Male) |
| 6:21 | Crear | Fishing Ship |
| 6:42 | Crear | Villager (Male) |
| 6:46 | Construir | House |
| 7:11 | Crear | Villager (Male) |
| 7:12 | Crear | Villager (Male) |
| 7:23 | Construir | House |
| 7:48 | Crear | Villager (Male) |
| 7:50 | Crear | Fishing Ship |
| 7:56 | Construir | House |
| 8:09 | Crear | Villager (Male) |
| 8:23 | Crear | Villager (Male) |
| 8:31 | Crear | Fishing Ship |
| 8:45 | Construir | House |
| 8:47 | Crear | Villager (Male) |
| 8:50 | Crear | Villager (Male) |
| 8:56 | Crear | Villager (Male) |
| 9:15 | Crear | Villager (Male) |
| 9:16 | Crear | Fishing Ship |
| 9:34 | Construir | House |
| 10:22 | Construir | Mill |
| 10:47 | Investigar | Feudal Age |
| 10:47 | Investigar | Feudal Age |
| 11:17 | Construir | Dock |
| 11:32 | Construir | Mining Camp |
| 12:10 | Crear | Fishing Ship |
| 13:08 | Edad | Edad Feudal |
| 13:31 | Crear | Villager (Male) |
| 13:38 | Crear | Fire Galley |
| 13:45 | Construir | Lumber Camp |
| 13:52 | Crear | Villager (Male) |
| 14:02 | Crear | Fire Galley |
| 14:16 | Investigar | Double-Bit Axe |
| 14:19 | Investigar | Gold Mining |
| 14:36 | Crear | Villager (Male) |
| 14:38 | Crear | Villager (Male) |
| 14:38 | Crear | Villager (Male) |
| 15:09 | Construir | Palisade Wall |
| 15:21 | Construir | Barracks |
| 15:38 | Crear | Villager (Male) |
| 16:01 | Investigar | Wheelbarrow |
| 16:23 | Construir | Stable |
| 16:27 | Crear | Villager (Male) |
| 17:23 | Crear | Scout Cavalry |
| 17:23 | Crear | Scout Cavalry |
| 17:34 | Construir | House |
| 17:48 | Construir | Mining Camp |
| 17:54 | Investigar | Bloodlines |
| 18:00 | Construir | House |
| 18:32 | Construir | Blacksmith |
| 19:02 | Crear | Fire Galley |
| 19:08 | Investigar | Castle Age |
| 19:08 | Investigar | Castle Age |
| 19:10 | Crear | Scout Cavalry |
| 19:11 | Crear | Scout Cavalry |
| 19:29 | Crear | Fire Galley |
| 19:35 | Investigar | Scale Barding Armor |
| 19:38 | Crear | Scout Cavalry |
| 20:25 | Crear | Scout Cavalry |
| 20:27 | Investigar | Forging |
| 20:53 | Crear | Scout Cavalry |
| 21:13 | Construir | Farm |
| 21:13 | Construir | Farm |
| 21:14 | Construir | Farm |
| 21:14 | Construir | Farm |
| 21:14 | Construir | Farm |
| 21:14 | Construir | Farm |
| 21:22 | Crear | Scout Cavalry |
| 21:48 | Edad | Edad de los Castillos |
| 21:51 | Construir | House |
| 21:54 | Crear | Knight |
| 22:19 | Crear | Knight |
| 22:25 | Crear | Villager (Male) |
| 22:28 | Construir | House |
| 22:30 | Investigar | Bow Saw |
| 23:08 | Construir | Castle |
| 23:11 | Crear | Knight |
| 23:12 | Crear | Knight |
| 23:24 | Crear | Knight |
| 23:30 | Crear | Villager (Male) |
| 23:38 | Construir | Mining Camp |
| 23:40 | Crear | Scout Cavalry |
| 24:27 | Construir | Mining Camp |
| 24:34 | Crear | Villager (Male) |
| 25:00 | Construir | Siege Workshop |
| 25:01 | Crear | Villager (Male) |
| 25:21 | Crear | Villager (Male) |
| 25:32 | Investigar | Horse Collar |
| 25:33 | Investigar | Horse Collar |
| 25:48 | Crear | Mangonel |
| 25:53 | Crear | Knight |
| 25:54 | Crear | Villager (Male) |
| 25:54 | Crear | Villager (Male) |
| 26:01 | Investigar | Chain Barding Armor |
| 26:35 | Crear | Mangonel |
| 26:44 | Crear | Villager (Male) |
| 26:44 | Crear | Villager (Male) |
| 27:02 | Crear | Ballista Elephant |
| 27:48 | Construir | Castle |
| 27:53 | Crear | Mangonel |
| 27:54 | Crear | Villager (Male) |
| 27:54 | Crear | Villager (Male) |
| 29:26 | Crear | Knight |
| 29:27 | Crear | Knight |
| 29:34 | Crear | Villager (Male) |
| 29:34 | Crear | Villager (Male) |
| 30:11 | Construir | Town Center |
| 30:34 | Crear | Knight |
| 30:34 | Crear | Knight |
| 30:34 | Crear | Villager (Male) |
| 31:03 | Crear | Villager (Male) |
| 31:03 | Crear | Villager (Male) |
| 32:08 | Crear | Villager (Male) |
| 32:08 | Crear | Villager (Male) |
| 32:09 | Crear | Villager (Male) |
| 32:17 | Crear | Villager (Male) |
| 32:17 | Crear | Villager (Male) |
| 32:32 | Crear | Villager (Male) |
| 32:33 | Crear | Villager (Male) |
| 32:47 | Construir | Town Center |
| 32:50 | Crear | Villager (Male) |
| 33:32 | Crear | Villager (Male) |
| 33:32 | Crear | Villager (Male) |
| 33:32 | Crear | Villager (Male) |
| 33:45 | Crear | Villager (Male) |
| 33:46 | Crear | Villager (Male) |
| 34:01 | Crear | Villager (Male) |
| 34:01 | Crear | Villager (Male) |
| 34:20 | Crear | Villager (Male) |
| 34:21 | Crear | Villager (Male) |
| 34:31 | Crear | Villager (Male) |
| 34:32 | Crear | Villager (Male) |
| 34:43 | Crear | Villager (Male) |
| 34:43 | Crear | Villager (Male) |
| 34:47 | Construir | Farm |
Build order — 吊不粗何以出國門
Primeras 150 de 212 acciones detectadas
| 1:04 | Construir | Town Center |
| 1:19 | Construir | Town Center |
| 1:46 | Construir | Dock |
| 3:46 | Crear | Villager (Male) ×4 |
| 3:47 | Crear | Villager (Male) ×4 |
| 4:15 | Construir | House |
| 5:09 | Crear | Villager (Male) |
| 5:28 | Construir | House |
| 5:35 | Crear | Villager (Male) |
| 6:12 | Crear | Fishing Ship |
| 6:47 | Crear | Fishing Ship |
| 6:57 | Crear | Villager (Male) |
| 7:30 | Crear | Fishing Ship |
| 7:42 | Construir | House |
| 7:48 | Crear | Villager (Male) |
| 8:23 | Crear | Villager (Male) |
| 8:23 | Crear | Villager (Male) |
| 8:30 | Crear | Fishing Ship |
| 8:30 | Crear | Fishing Ship |
| 8:48 | Construir | House |
| 8:53 | Crear | Villager (Male) |
| 8:53 | Crear | Villager (Male) |
| 9:13 | Crear | Villager (Male) |
| 9:21 | Crear | Fishing Ship |
| 9:41 | Crear | Villager (Male) |
| 9:42 | Crear | Villager (Male) |
| 9:57 | Crear | Fishing Ship |
| 10:40 | Crear | Villager (Male) |
| 10:40 | Crear | Villager (Male) |
| 10:48 | Construir | House |
| 10:49 | Construir | House |
| 11:18 | Construir | Dock |
| 11:32 | Crear | Fishing Ship |
| 11:38 | Crear | Villager (Male) |
| 11:38 | Crear | Villager (Male) |
| 12:01 | Crear | Fishing Ship |
| 12:11 | Crear | Villager (Male) |
| 12:35 | Construir | House |
| 12:57 | Crear | Fishing Ship |
| 13:06 | Crear | Villager (Male) |
| 13:10 | Construir | House |
| 13:36 | Construir | Mill |
| 13:38 | Crear | Villager (Male) |
| 14:04 | Construir | Dock |
| 14:09 | Crear | Villager (Male) |
| 14:09 | Crear | Villager (Male) |
| 14:22 | Investigar | Feudal Age |
| 15:49 | Construir | Lumber Camp |
| 15:52 | Edad | Edad Feudal |
| 15:57 | Crear | Fire Galley |
| 16:00 | Crear | Fire Galley |
| 16:11 | Crear | Fishing Ship |
| 16:12 | Crear | Fishing Ship |
| 16:31 | Investigar | Double-Bit Axe |
| 16:33 | Crear | Villager (Male) ×5 |
| 17:00 | Crear | Fire Galley |
| 17:03 | Crear | Unit 2626 |
| 17:20 | Crear | Fishing Ship |
| 17:50 | Investigar | Tech 906 |
| 18:19 | Crear | Unit 2626 |
| 18:39 | Crear | Unit 2626 |
| 19:39 | Crear | Fishing Ship |
| 19:39 | Crear | Fishing Ship |
| 19:39 | Crear | Fishing Ship |
| 20:02 | Construir | Market |
| 20:04 | Construir | Blacksmith |
| 20:08 | Crear | Villager (Male) ×5 |
| 20:37 | Crear | Fishing Ship |
| 20:38 | Crear | Fishing Ship |
| 20:38 | Crear | Fishing Ship |
| 20:48 | Construir | House |
| 20:48 | Construir | House |
| 20:49 | Construir | House |
| 20:49 | Construir | House |
| 21:16 | Investigar | Castle Age |
| 21:34 | Crear | Demolition Raft |
| 22:03 | Crear | Fire Galley |
| 22:03 | Crear | Fire Galley |
| 22:07 | Crear | Fire Galley |
| 22:07 | Crear | Fire Galley |
| 22:20 | Crear | Fire Galley |
| 22:20 | Crear | Fire Galley |
| 22:23 | Crear | Unit 2626 |
| 22:40 | Construir | Mining Camp |
| 23:13 | Edad | Edad de los Castillos |
| 23:30 | Investigar | War Galley (upgrade) |
| 24:01 | Construir | Dock |
| 24:05 | Crear | Fishing Ship |
| 24:05 | Crear | Fishing Ship |
| 24:05 | Crear | Fishing Ship |
| 24:06 | Crear | Fishing Ship |
| 24:45 | Crear | Fire Galley |
| 24:45 | Crear | Fire Galley |
| 24:45 | Crear | Fire Galley |
| 25:13 | Crear | Fishing Ship |
| 25:13 | Crear | Fishing Ship |
| 25:20 | Crear | Villager (Male) ×5 |
| 25:22 | Crear | Villager (Male) ×5 |
| 25:57 | Crear | Fire Galley |
| 25:57 | Crear | Fire Galley |
| 26:33 | Construir | House |
| 26:33 | Construir | House |
| 26:34 | Construir | House |
| 26:34 | Construir | House |
| 26:51 | Construir | Town Center |
| 26:54 | Crear | Villager (Male) ×5 |
| 27:34 | Investigar | Wheelbarrow |
| 27:57 | Crear | Villager (Male) |
| 27:58 | Investigar | Bow Saw |
| 28:49 | Crear | Fishing Ship |
| 28:50 | Crear | Fishing Ship |
| 28:50 | Crear | Fishing Ship |
| 29:02 | Construir | Dock |
| 29:13 | Construir | Barracks |
| 29:56 | Crear | Demolition Raft |
| 29:57 | Crear | Demolition Raft |
| 29:57 | Crear | Demolition Raft |
| 29:57 | Crear | Demolition Raft |
| 30:03 | Crear | Fire Galley |
| 30:03 | Crear | Fire Galley |
| 30:04 | Crear | Fire Galley |
| 30:04 | Crear | Fire Galley |
| 30:25 | Construir | Stable |
| 30:34 | Crear | Villager (Male) ×5 |
| 30:34 | Crear | Villager (Male) ×5 |
| 30:34 | Crear | Villager (Male) ×5 |
| 30:34 | Crear | Villager (Male) ×5 |
| 30:49 | Construir | Castle |
| 31:09 | Crear | Battle Elephant |
| 31:09 | Crear | Battle Elephant |
| 31:09 | Crear | Battle Elephant |
| 31:10 | Crear | Battle Elephant |
| 31:57 | Construir | Castle |
| 32:05 | Crear | Battle Elephant |
| 32:05 | Crear | Battle Elephant |
| 32:23 | Construir | Castle |
| 32:27 | Construir | Castle |
| 32:48 | Construir | House |
| 32:48 | Construir | House |
| 32:49 | Construir | House |
| 32:49 | Construir | House |
| 32:49 | Construir | House |
| 32:49 | Construir | House |
| 33:28 | Investigar | Fletching |
| 33:31 | Investigar | Scale Barding Armor |
| 33:31 | Investigar | Forging |
| 33:59 | Construir | Town Center |
| 34:20 | Investigar | Imperial Age |
| 34:27 | Investigar | Imperial Age |
| 34:27 | Investigar | Loom |
Build order — 香江七百萬大才子
Primeras 150 de 185 acciones detectadas
| 0:03 | Construir | House |
| 0:42 | Construir | Town Center |
| 0:53 | Construir | Town Center |
| 3:24 | Crear | Villager (Male) |
| 3:24 | Crear | Villager (Male) |
| 3:24 | Crear | Villager (Male) |
| 3:24 | Crear | Villager (Male) |
| 4:15 | Construir | Dock |
| 5:17 | Crear | Villager (Male) |
| 5:17 | Crear | Villager (Male) |
| 5:17 | Crear | Villager (Male) |
| 5:51 | Construir | House |
| 5:52 | Construir | House |
| 6:28 | Investigar | Loom |
| 6:44 | Crear | Villager (Male) |
| 6:57 | Construir | House |
| 6:59 | Crear | Fishing Ship |
| 7:03 | Crear | Villager (Male) |
| 7:04 | Crear | Villager (Male) |
| 7:51 | Construir | House |
| 8:15 | Crear | Villager (Male) |
| 8:15 | Crear | Villager (Male) |
| 8:15 | Crear | Villager (Male) |
| 8:16 | Crear | Villager (Male) |
| 8:41 | Construir | House |
| 9:14 | Crear | Villager (Male) |
| 9:56 | Crear | Villager (Male) |
| 10:34 | Crear | Fishing Ship |
| 10:35 | Crear | Fishing Ship |
| 10:35 | Crear | Fishing Ship |
| 10:55 | Construir | House |
| 10:58 | Construir | House |
| 11:02 | Crear | Villager (Male) |
| 11:17 | Construir | Palisade Wall |
| 11:28 | Construir | Palisade Wall |
| 11:28 | Construir | Palisade Wall |
| 11:29 | Construir | Palisade Wall |
| 11:30 | Construir | Palisade Wall |
| 11:30 | Construir | Palisade Wall |
| 11:48 | Crear | Fishing Ship |
| 11:49 | Crear | Fishing Ship |
| 11:52 | Crear | Fishing Ship |
| 11:52 | Crear | Fishing Ship |
| 12:00 | Crear | Villager (Male) |
| 12:00 | Crear | Villager (Male) |
| 12:00 | Crear | Villager (Male) |
| 12:01 | Crear | Villager (Male) |
| 12:01 | Crear | Villager (Male) |
| 12:01 | Crear | Villager (Male) |
| 12:01 | Crear | Villager (Male) |
| 12:15 | Construir | House |
| 12:42 | Construir | Barracks |
| 12:48 | Crear | Villager (Male) |
| 13:24 | Crear | Villager (Male) |
| 13:29 | Crear | Fishing Ship |
| 13:29 | Crear | Fishing Ship |
| 13:29 | Crear | Fishing Ship |
| 13:42 | Construir | House |
| 14:01 | Construir | House |
| 14:19 | Crear | Villager (Male) |
| 14:38 | Crear | Villager (Male) |
| 14:55 | Crear | Villager (Male) |
| 15:16 | Construir | House |
| 15:28 | Construir | Palisade Wall |
| 15:39 | Investigar | Feudal Age |
| 15:53 | Construir | Mill |
| 15:57 | Crear | Fishing Ship |
| 15:57 | Crear | Fishing Ship |
| 15:58 | Crear | Fishing Ship |
| 15:58 | Crear | Fishing Ship |
| 15:58 | Crear | Fishing Ship |
| 17:10 | Construir | Lumber Camp |
| 17:38 | Crear | Villager (Male) |
| 17:38 | Crear | Villager (Male) |
| 17:49 | Edad | Edad Feudal |
| 17:54 | Crear | Villager (Male) |
| 18:07 | Crear | Villager (Male) |
| 18:51 | Construir | House |
| 18:51 | Construir | House |
| 18:52 | Construir | House |
| 18:52 | Construir | House |
| 18:52 | Construir | House |
| 19:12 | Construir | House |
| 19:14 | Construir | House |
| 19:39 | Construir | Mining Camp |
| 19:52 | Construir | House |
| 19:53 | Construir | House |
| 20:12 | Construir | Blacksmith |
| 20:14 | Construir | House |
| 20:52 | Construir | House |
| 20:59 | Crear | Villager (Male) |
| 21:16 | Construir | House |
| 21:37 | Crear | Villager (Male) |
| 21:54 | Construir | Mining Camp |
| 22:05 | Crear | Villager (Male) |
| 22:09 | Construir | Mill |
| 22:29 | Construir | Stable |
| 22:36 | Crear | Villager (Male) |
| 23:18 | Investigar | Castle Age |
| 24:56 | Construir | Dock |
| 26:06 | Construir | Town Center |
| 27:11 | Investigar | Castle Age |
| 27:13 | Crear | Fishing Ship |
| 27:13 | Crear | Fishing Ship |
| 27:13 | Crear | Fishing Ship |
| 27:14 | Crear | Fishing Ship |
| 28:59 | Crear | Fishing Ship |
| 28:59 | Crear | Fishing Ship |
| 29:00 | Crear | Fishing Ship |
| 29:00 | Crear | Fishing Ship |
| 29:00 | Crear | Fishing Ship |
| 29:51 | Edad | Edad de los Castillos |
| 29:56 | Construir | Castle |
| 30:10 | Crear | Villager (Male) |
| 30:10 | Crear | Villager (Male) |
| 30:22 | Investigar | Gold Mining |
| 30:23 | Investigar | Stone Mining |
| 30:28 | Investigar | Double-Bit Axe |
| 30:40 | Construir | Castle |
| 30:57 | Crear | Villager (Male) |
| 31:00 | Crear | Fishing Ship |
| 31:00 | Crear | Fishing Ship |
| 31:01 | Crear | Fishing Ship |
| 31:22 | Construir | Town Center |
| 31:26 | Crear | Villager (Male) |
| 31:27 | Crear | Villager (Male) |
| 31:33 | Investigar | Bow Saw |
| 31:36 | Investigar | Gold Shaft Mining |
| 31:59 | Crear | War Wagon ×2 |
| 31:59 | Crear | War Wagon ×2 |
| 32:02 | Crear | Villager (Male) |
| 32:02 | Crear | Villager (Male) |
| 32:19 | Crear | Villager (Male) ×3 |
| 32:32 | Crear | War Wagon ×2 |
| 32:33 | Crear | War Wagon ×2 |
| 32:47 | Crear | Villager (Male) |
| 32:47 | Crear | Villager (Male) |
| 32:58 | Crear | War Wagon |
| 32:58 | Crear | War Wagon |
| 33:09 | Crear | Villager (Male) |
| 33:15 | Crear | War Wagon |
| 33:49 | Crear | War Wagon |
| 34:05 | Crear | Villager (Male) ×3 |
| 34:24 | Crear | Villager (Male) |
| 34:24 | Crear | Villager (Male) |
| 34:39 | Construir | Town Center |
| 34:48 | Crear | Villager (Male) |
| 34:48 | Crear | Villager (Male) |
| 34:52 | Crear | War Wagon ×3 |
| 35:16 | Construir | Blacksmith |
Build order — Waku Waku
143 acciones detectadas en el replay
| 0:51 | Construir | Town Center |
| 2:17 | Construir | House |
| 3:23 | Investigar | Loom |
| 3:23 | Crear | Villager (Male) |
| 3:24 | Crear | Villager (Male) |
| 3:24 | Crear | Villager (Male) |
| 3:24 | Crear | Villager (Male) |
| 3:24 | Crear | Villager (Male) |
| 4:46 | Construir | House |
| 5:13 | Construir | House |
| 5:24 | Construir | House |
| 5:42 | Crear | Villager (Male) |
| 5:48 | Construir | House |
| 5:58 | Construir | House |
| 6:09 | Crear | Villager (Male) |
| 6:29 | Crear | Villager (Male) |
| 6:30 | Crear | Villager (Male) |
| 6:30 | Crear | Villager (Male) |
| 6:41 | Construir | House |
| 8:01 | Crear | Villager (Male) |
| 8:02 | Crear | Villager (Male) |
| 8:02 | Crear | Villager (Male) |
| 8:56 | Crear | Villager (Male) |
| 9:30 | Crear | Villager (Male) |
| 9:31 | Crear | Villager (Male) |
| 9:37 | Crear | Villager (Male) |
| 9:38 | Crear | Villager (Male) |
| 9:38 | Crear | Villager (Male) |
| 10:41 | Construir | Town Center |
| 11:33 | Construir | Lumber Camp |
| 11:48 | Crear | Villager (Male) |
| 11:48 | Crear | Villager (Male) |
| 11:49 | Crear | Villager (Male) |
| 11:49 | Crear | Villager (Male) |
| 11:49 | Crear | Villager (Male) |
| 11:50 | Crear | Villager (Male) |
| 11:50 | Crear | Villager (Male) |
| 12:33 | Construir | Mill |
| 14:27 | Crear | Villager (Male) |
| 14:52 | Crear | Villager (Male) |
| 17:12 | Crear | Villager (Male) |
| 17:12 | Crear | Villager (Male) |
| 18:26 | Crear | Villager (Male) |
| 19:29 | Crear | Villager (Male) |
| 19:50 | Construir | House |
| 20:09 | Crear | Villager (Male) |
| 20:10 | Crear | Villager (Male) |
| 20:41 | Crear | Villager (Male) |
| 20:41 | Crear | Villager (Male) |
| 21:10 | Crear | Villager (Male) |
| 22:00 | Crear | Villager (Male) |
| 22:37 | Crear | Villager (Male) |
| 22:38 | Crear | Villager (Male) |
| 22:38 | Crear | Villager (Male) |
| 22:58 | Construir | Mill |
| 23:54 | Crear | Villager (Male) |
| 23:55 | Crear | Villager (Male) |
| 24:01 | Construir | House |
| 24:04 | Construir | House |
| 24:09 | Construir | House |
| 24:17 | Crear | Villager (Male) |
| 24:39 | Crear | Villager (Male) |
| 24:51 | Crear | Villager (Male) |
| 24:51 | Crear | Villager (Male) |
| 24:52 | Crear | Villager (Male) |
| 24:52 | Crear | Villager (Male) |
| 25:33 | Construir | Mining Camp |
| 25:39 | Construir | Farm |
| 25:40 | Construir | Farm |
| 25:44 | Construir | Farm |
| 25:48 | Construir | Farm |
| 25:49 | Construir | Farm |
| 25:50 | Construir | Farm |
| 25:57 | Construir | Farm |
| 25:58 | Construir | Farm |
| 25:59 | Construir | Farm |
| 26:01 | Construir | Farm |
| 26:04 | Construir | Farm |
| 26:08 | Construir | Farm |
| 26:10 | Construir | Farm |
| 26:26 | Investigar | Feudal Age |
| 26:47 | Construir | Farm |
| 27:10 | Crear | Villager (Male) |
| 27:11 | Crear | Villager (Male) |
| 27:33 | Construir | Barracks |
| 28:02 | Crear | Villager (Male) |
| 28:03 | Crear | Villager (Male) |
| 28:19 | Crear | Villager (Male) |
| 28:19 | Crear | Villager (Male) |
| 28:32 | Edad | Edad Feudal |
| 28:36 | Construir | Stable |
| 28:54 | Construir | Blacksmith |
| 28:57 | Crear | Villager (Male) |
| 28:57 | Crear | Villager (Male) |
| 29:15 | Investigar | Double-Bit Axe |
| 29:27 | Investigar | Castle Age |
| 29:40 | Investigar | Gold Mining |
| 29:43 | Investigar | Horse Collar |
| 30:04 | Investigar | Bloodlines |
| 30:22 | Investigar | Forging |
| 30:33 | Construir | Stable |
| 31:21 | Crear | Villager (Male) |
| 31:37 | Construir | House |
| 31:38 | Construir | House |
| 31:39 | Construir | House |
| 31:40 | Construir | House |
| 31:52 | Edad | Edad de los Castillos |
| 31:54 | Construir | Lumber Camp |
| 31:59 | Crear | Knight ×3 |
| 32:04 | Crear | Villager (Male) |
| 32:05 | Crear | Villager (Male) |
| 32:05 | Crear | Villager (Male) |
| 32:14 | Construir | House |
| 32:22 | Construir | House |
| 32:28 | Construir | House |
| 32:53 | Investigar | Pikeman (upgrade) |
| 32:54 | Investigar | Squires |
| 33:27 | Construir | Mining Camp |
| 33:30 | Crear | Spearman |
| 33:30 | Crear | Spearman |
| 33:37 | Construir | Monastery |
| 33:47 | Construir | Mining Camp |
| 35:23 | Construir | Town Center |
| 35:55 | Crear | Spearman |
| 35:55 | Crear | Spearman |
| 35:55 | Crear | Spearman |
| 36:45 | Crear | Villager (Male) |
| 36:46 | Crear | Villager (Male) |
| 36:46 | Crear | Villager (Male) |
| 36:55 | Construir | Mining Camp |
| 37:00 | Crear | Villager (Male) |
| 37:00 | Crear | Villager (Male) |
| 37:00 | Crear | Villager (Male) |
| 37:01 | Crear | Villager (Male) |
| 37:02 | Crear | Villager (Male) |
| 37:02 | Crear | Villager (Male) |
| 37:03 | Crear | Villager (Male) |
| 37:43 | Crear | Villager (Male) |
| 37:43 | Crear | Villager (Male) |
| 37:43 | Crear | Villager (Male) |
| 37:44 | Crear | Villager (Male) |
| 37:44 | Crear | Villager (Male) |
| 37:58 | Construir | Town Center |
Build order — 乳不巨何以聚人心
Primeras 150 de 266 acciones detectadas
| 0:33 | Construir | Town Center |
| 1:10 | Construir | House |
| 2:25 | Construir | Dock |
| 2:51 | Crear | Villager (Male) |
| 2:51 | Crear | Villager (Male) |
| 2:52 | Crear | Villager (Male) |
| 2:52 | Crear | Villager (Male) |
| 3:38 | Investigar | Loom |
| 3:58 | Crear | Fishing Ship |
| 4:48 | Construir | House |
| 4:56 | Crear | Villager (Male) |
| 4:56 | Crear | Villager (Male) |
| 5:17 | Crear | Villager (Male) |
| 5:17 | Crear | Villager (Male) |
| 5:35 | Crear | Villager (Male) |
| 5:36 | Crear | Villager (Male) |
| 5:59 | Construir | House |
| 6:04 | Crear | Villager (Male) |
| 6:04 | Crear | Villager (Male) |
| 6:34 | Crear | Villager (Male) |
| 6:34 | Crear | Villager (Male) |
| 6:48 | Crear | Villager (Male) |
| 6:50 | Crear | Villager (Male) |
| 6:51 | Crear | Villager (Male) |
| 7:03 | Crear | Villager (Male) |
| 7:03 | Crear | Villager (Male) |
| 7:07 | Crear | Fishing Ship |
| 7:16 | Crear | Villager (Male) |
| 7:49 | Crear | Fishing Ship |
| 7:55 | Crear | Villager (Male) |
| 8:16 | Construir | Mill |
| 8:25 | Construir | House |
| 8:40 | Crear | Villager (Male) |
| 9:03 | Crear | Fishing Ship |
| 9:36 | Crear | Villager (Male) |
| 9:48 | Construir | Mining Camp |
| 9:58 | Crear | Villager (Male) |
| 10:00 | Crear | Fishing Ship |
| 10:13 | Construir | House |
| 10:16 | Crear | Villager (Male) |
| 10:35 | Crear | Fishing Ship |
| 10:55 | Crear | Villager (Male) |
| 11:06 | Construir | Palisade Wall |
| 11:08 | Construir | Palisade Wall |
| 11:24 | Investigar | Feudal Age |
| 11:47 | Construir | Barracks |
| 12:07 | Construir | House |
| 12:45 | Crear | Villager (Male) |
| 12:54 | Construir | Lumber Camp |
| 13:02 | Crear | Villager (Male) |
| 13:09 | Construir | House |
| 13:22 | Crear | Villager (Male) |
| 13:29 | Construir | House |
| 13:43 | Edad | Edad Feudal |
| 13:55 | Construir | Archery Range |
| 14:01 | Crear | Villager (Male) |
| 14:07 | Construir | House |
| 14:21 | Construir | House |
| 14:39 | Crear | Villager (Male) |
| 14:39 | Crear | Villager (Male) |
| 14:43 | Crear | Archer |
| 14:43 | Crear | Archer |
| 14:47 | Crear | Archer |
| 15:01 | Crear | Villager (Male) |
| 15:03 | Crear | Archer |
| 15:03 | Crear | Archer |
| 15:03 | Crear | Archer |
| 15:05 | Crear | Villager (Male) |
| 15:12 | Construir | House |
| 15:27 | Crear | Archer |
| 15:39 | Crear | Villager (Male) |
| 15:55 | Crear | Villager (Male) |
| 15:55 | Crear | Villager (Male) |
| 15:58 | Crear | Archer |
| 15:58 | Crear | Archer |
| 16:13 | Crear | Villager (Male) |
| 16:16 | Crear | Archer |
| 16:16 | Crear | Archer |
| 16:34 | Construir | Archery Range |
| 16:45 | Crear | Villager (Male) |
| 16:50 | Crear | Archer |
| 16:50 | Crear | Archer |
| 17:56 | Crear | Villager (Male) |
| 18:07 | Crear | Villager (Male) |
| 18:13 | Construir | House |
| 18:24 | Construir | Blacksmith |
| 18:31 | Crear | Archer |
| 18:31 | Crear | Archer |
| 18:54 | Crear | Fire Galley |
| 19:19 | Investigar | Castle Age |
| 19:24 | Construir | House |
| 19:41 | Construir | Dock |
| 19:51 | Crear | Villager (Male) |
| 19:58 | Investigar | Double-Bit Axe |
| 20:13 | Crear | Villager (Male) |
| 20:45 | Crear | Villager (Male) |
| 20:48 | Construir | Lumber Camp |
| 21:00 | Crear | Fishing Ship ×5 |
| 21:00 | Crear | Fishing Ship ×5 |
| 21:01 | Investigar | Tech 906 |
| 21:29 | Investigar | Scale Mail Armor |
| 21:35 | Construir | Barracks |
| 21:56 | Crear | Spearman |
| 21:57 | Crear | Spearman |
| 21:57 | Crear | Spearman |
| 22:13 | Edad | Edad de los Castillos |
| 22:41 | Crear | Villager (Male) |
| 22:43 | Investigar | Pikeman (upgrade) |
| 22:48 | Construir | Barracks |
| 22:49 | Crear | Spearman |
| 22:50 | Crear | Spearman |
| 22:59 | Construir | Town Center |
| 23:06 | Crear | Villager (Male) |
| 23:24 | Crear | Villager (Male) |
| 23:25 | Crear | Villager (Male) |
| 23:26 | Crear | Villager (Male) |
| 23:26 | Crear | Villager (Male) |
| 24:20 | Construir | Palisade Gate |
| 24:31 | Crear | Villager (Male) |
| 24:37 | Construir | Archery Range |
| 24:39 | Construir | Archery Range |
| 24:42 | Investigar | Fletching |
| 24:50 | Construir | Palisade Gate |
| 25:03 | Crear | Villager (Male) |
| 25:10 | Investigar | Crossbowman (upgrade) |
| 25:25 | Crear | Villager (Male) |
| 25:28 | Construir | House |
| 25:29 | Construir | House |
| 25:30 | Crear | Villager (Male) |
| 26:03 | Construir | Siege Workshop |
| 26:16 | Crear | Archer ×5 |
| 26:16 | Crear | Archer ×5 |
| 26:16 | Crear | Archer ×5 |
| 26:17 | Crear | Archer ×5 |
| 26:25 | Crear | Villager (Male) |
| 26:34 | Construir | House |
| 26:35 | Construir | House |
| 26:37 | Construir | House |
| 26:46 | Crear | Villager (Male) |
| 26:54 | Crear | Villager (Male) |
| 27:09 | Crear | Mangonel |
| 27:28 | Crear | Villager (Male) |
| 27:37 | Construir | Castle |
| 27:53 | Construir | Castle |
| 27:56 | Construir | House |
| 28:20 | Crear | Mangonel |
| 29:17 | Crear | Villager (Male) |
| 29:30 | Crear | Villager (Male) |
| 29:44 | Construir | Town Center |
| 30:29 | Construir | University |
Build order — 死道友不死贫道
Primeras 150 de 251 acciones detectadas
| 1:22 | Construir | Town Center |
| 2:33 | Construir | House |
| 3:05 | Construir | House |
| 3:49 | Crear | Villager (Male) |
| 3:49 | Crear | Villager (Male) |
| 3:55 | Crear | Villager (Male) |
| 3:55 | Crear | Villager (Male) |
| 3:56 | Crear | Villager (Male) |
| 3:56 | Crear | Villager (Male) |
| 4:49 | Construir | Dock |
| 5:21 | Crear | Villager (Male) |
| 5:38 | Investigar | Loom |
| 6:23 | Crear | Villager (Male) |
| 6:23 | Crear | Villager (Male) |
| 6:23 | Crear | Villager (Male) |
| 6:59 | Crear | Villager (Male) |
| 6:59 | Crear | Villager (Male) |
| 6:59 | Crear | Villager (Male) |
| 6:59 | Crear | Villager (Male) |
| 7:57 | Crear | Villager (Male) |
| 8:20 | Crear | Villager (Male) |
| 8:35 | Construir | House |
| 8:44 | Construir | House |
| 8:45 | Construir | House |
| 9:24 | Crear | Villager (Male) |
| 9:24 | Crear | Villager (Male) |
| 9:24 | Crear | Villager (Male) |
| 9:59 | Crear | Villager (Male) |
| 9:59 | Crear | Villager (Male) |
| 10:11 | Crear | Fishing Ship |
| 10:13 | Crear | Fishing Ship |
| 10:15 | Crear | Villager (Male) |
| 10:46 | Crear | Villager (Male) |
| 10:46 | Crear | Villager (Male) |
| 10:46 | Crear | Villager (Male) |
| 11:19 | Construir | Barracks |
| 11:50 | Crear | Villager (Male) |
| 11:58 | Crear | Fishing Ship |
| 11:58 | Crear | Fishing Ship |
| 11:58 | Crear | Fishing Ship |
| 12:08 | Crear | Militia |
| 12:22 | Construir | Mill |
| 12:52 | Crear | Fishing Ship |
| 13:10 | Construir | House |
| 13:37 | Crear | Villager (Male) |
| 13:37 | Crear | Villager (Male) |
| 13:44 | Construir | House |
| 14:03 | Crear | Villager (Male) |
| 14:15 | Construir | House |
| 14:18 | Crear | Fishing Ship |
| 14:34 | Investigar | Feudal Age |
| 14:35 | Investigar | Feudal Age |
| 14:41 | Crear | Fishing Ship |
| 14:49 | Construir | Dock |
| 15:02 | Construir | House |
| 15:06 | Construir | House |
| 15:07 | Construir | House |
| 15:15 | Construir | House |
| 15:18 | Construir | House |
| 15:27 | Crear | Fishing Ship |
| 15:54 | Crear | Villager (Male) |
| 16:24 | Crear | Fishing Ship |
| 16:24 | Crear | Fishing Ship |
| 16:25 | Crear | Fishing Ship |
| 16:46 | Edad | Edad Feudal |
| 17:01 | Crear | Unit 2626 |
| 17:34 | Crear | Villager (Male) |
| 17:34 | Crear | Villager (Male) |
| 17:34 | Crear | Villager (Male) |
| 18:00 | Crear | Unit 2626 |
| 18:03 | Crear | Villager (Male) |
| 18:08 | Construir | Blacksmith |
| 18:19 | Crear | Fishing Ship |
| 18:34 | Crear | Unit 2626 |
| 19:40 | Crear | Villager (Male) |
| 19:40 | Crear | Villager (Male) |
| 19:40 | Crear | Villager (Male) |
| 19:40 | Crear | Villager (Male) |
| 19:41 | Crear | Villager (Male) |
| 19:53 | Crear | Fire Galley |
| 19:56 | Crear | Fire Galley |
| 20:33 | Crear | Villager (Male) |
| 20:33 | Crear | Villager (Male) |
| 20:39 | Construir | Farm |
| 20:39 | Construir | Farm |
| 20:40 | Construir | Farm |
| 20:43 | Construir | Farm |
| 20:45 | Construir | Farm |
| 20:47 | Construir | Farm |
| 20:48 | Construir | Farm |
| 20:51 | Construir | House |
| 20:52 | Construir | House |
| 20:53 | Construir | House |
| 20:55 | Construir | House |
| 21:01 | Construir | Mining Camp |
| 21:02 | Construir | House |
| 21:03 | Construir | House |
| 21:05 | Construir | House |
| 21:18 | Crear | Fishing Ship |
| 21:19 | Crear | Fishing Ship |
| 21:19 | Crear | Fishing Ship |
| 21:25 | Crear | Fishing Ship |
| 21:25 | Crear | Fishing Ship |
| 22:01 | Crear | Villager (Male) |
| 22:35 | Crear | Villager (Male) |
| 22:36 | Crear | Villager (Male) |
| 22:46 | Construir | Archery Range |
| 22:54 | Crear | Demolition Raft |
| 22:54 | Crear | Demolition Raft |
| 23:02 | Crear | Fishing Ship |
| 23:03 | Crear | Fishing Ship |
| 23:03 | Crear | Fishing Ship |
| 23:51 | Crear | Villager (Male) |
| 23:53 | Investigar | Castle Age |
| 23:57 | Crear | Fishing Ship |
| 24:41 | Crear | Fishing Ship |
| 24:42 | Crear | Fishing Ship |
| 24:50 | Construir | Fish Trap |
| 24:52 | Construir | Fish Trap |
| 24:53 | Construir | Fish Trap |
| 25:27 | Construir | Lumber Camp |
| 25:44 | Construir | Fish Trap |
| 26:22 | Crear | Unit 2626 |
| 26:22 | Crear | Unit 2626 |
| 26:33 | Edad | Edad de los Castillos |
| 26:55 | Investigar | War Galley (upgrade) |
| 27:20 | Crear | Unit 2626 |
| 28:14 | Crear | Unit 2626 |
| 28:14 | Crear | Unit 2626 |
| 28:53 | Crear | Unit 2626 |
| 28:56 | Crear | Unit 2626 |
| 29:38 | Crear | Unit 2626 |
| 29:38 | Crear | Unit 2626 |
| 29:55 | Construir | Town Center |
| 30:48 | Crear | Villager (Male) |
| 30:48 | Crear | Villager (Male) |
| 30:49 | Crear | Villager (Male) |
| 30:50 | Crear | Villager (Male) |
| 30:50 | Crear | Villager (Male) |
| 30:51 | Crear | Villager (Male) |
| 30:51 | Crear | Villager (Male) |
| 31:05 | Crear | Villager (Male) |
| 31:05 | Crear | Villager (Male) |
| 31:27 | Construir | Castle |
| 32:15 | Crear | Villager (Male) |
| 32:15 | Crear | Villager (Male) |
| 32:49 | Construir | Dock |
| 33:03 | Investigar | Imperial Age |
| 33:05 | Crear | Villager (Male) |
| 33:05 | Crear | Villager (Male) |
Cronología de la partida
| 0:37 | idle villager · first_building Dock |
| 0:59 | Swordfish · first_building Dock |
| 1:46 | 吊不粗何以出國門 · first_building Dock |
| 1:47 | kyy · first_building Dock |
| 2:25 | 乳不巨何以聚人心 · first_building Dock |
| 4:15 | 香江七百萬大才子 · first_building Dock |
| 4:49 | 死道友不死贫道 · first_building Dock |
| 5:12 | idle villager · wall_segment Palisade Wall x1 |
| 11:06 | 乳不巨何以聚人心 · wall_segment Palisade Wall x1 |
| 11:08 | 乳不巨何以聚人心 · wall_segment Palisade Wall x1 |
| 11:17 | 香江七百萬大才子 · wall_segment Palisade Wall x1 |
| 11:19 | 死道友不死贫道 · first_building Barracks |
| 11:28 | 香江七百萬大才子 · wall_segment Palisade Wall x1 |
| 11:28 | 香江七百萬大才子 · wall_segment Palisade Wall x1 |
| 11:29 | 香江七百萬大才子 · wall_segment Palisade Wall x1 |
| 11:30 | 香江七百萬大才子 · wall_segment Palisade Wall x1 |
| 11:30 | 香江七百萬大才子 · wall_segment Palisade Wall x1 |
| 11:47 | 乳不巨何以聚人心 · first_building Barracks |
| 12:42 | 香江七百萬大才子 · first_building Barracks |
| 13:08 | idle villager · age_up feudal |
| 13:43 | 乳不巨何以聚人心 · age_up feudal |
| 13:55 | 乳不巨何以聚人心 · first_building Archery Range |
| 15:09 | idle villager · wall_segment Palisade Wall x1 |
| 15:21 | idle villager · first_building Barracks |
| 15:28 | 香江七百萬大才子 · wall_segment Palisade Wall x7 |
| 15:31 | kyy · age_up feudal |
| 15:52 | 吊不粗何以出國門 · age_up feudal |
| 16:23 | idle villager · first_building Stable |
| 16:46 | 死道友不死贫道 · age_up feudal |
| 17:49 | 香江七百萬大才子 · age_up feudal |
| 20:29 | kyy · first_market_buy 100 stone |
| 20:33 | kyy · first_market_sell 100 wood |
| 21:00 | kyy · age_up castle |
| 21:05 | kyy · first_building Castle |
| 21:44 | kyy · first_building Siege Workshop |
| 21:48 | idle villager · age_up castle |
| 22:13 | 乳不巨何以聚人心 · age_up castle |
| 22:29 | 香江七百萬大才子 · first_building Stable |
| 22:46 | 死道友不死贫道 · first_building Archery Range |
| 23:08 | idle villager · first_building Castle |
| 23:13 | 吊不粗何以出國門 · age_up castle |
| 25:00 | idle villager · first_building Siege Workshop |
| 26:03 | 乳不巨何以聚人心 · first_building Siege Workshop |
| 26:33 | 死道友不死贫道 · age_up castle |
| 27:33 | Waku Waku · first_building Barracks |
| 27:37 | 乳不巨何以聚人心 · first_building Castle |
| 28:30 | Swordfish · first_building Barracks |
| 28:32 | Waku Waku · age_up feudal |
| 28:36 | Waku Waku · first_building Stable |
| 28:48 | Swordfish · age_up feudal |
| 29:13 | 吊不粗何以出國門 · first_building Barracks |
| 29:51 | 香江七百萬大才子 · age_up castle |
| 29:56 | 香江七百萬大才子 · first_building Castle |
| 30:25 | 吊不粗何以出國門 · first_building Stable |
| 30:49 | 吊不粗何以出國門 · first_building Castle |
| 31:27 | 死道友不死贫道 · first_building Castle |
| 31:52 | Waku Waku · age_up castle |
| 32:50 | Swordfish · age_up castle |
| 33:37 | Waku Waku · first_building Monastery |
| 33:45 | Swordfish · first_building Siege Workshop |
| 34:41 | 乳不巨何以聚人心 · first_building Stable |
| 36:13 | 死道友不死贫道 · age_up imperial |
| 36:21 | 吊不粗何以出國門 · age_up imperial |
| 36:39 | kyy · age_up imperial |
| 37:16 | 乳不巨何以聚人心 · first_market_sell 100 stone |
| 37:20 | 乳不巨何以聚人心 · first_market_buy 100 food |
| 38:12 | idle villager · resign |
| 40:34 | 乳不巨何以聚人心 · age_up imperial |
| 41:45 | Swordfish · first_market_sell 100 food |
| 41:46 | Swordfish · first_market_buy 100 stone |
| 41:53 | 吊不粗何以出國門 · first_market_sell 100 stone |
| 41:56 | 吊不粗何以出國門 · first_market_buy 500 food |
| 43:11 | Swordfish · first_building Monastery |
| 46:31 | Swordfish · first_building Castle |
[ ANÁLISIS IA · 1 CRÉDITO ]
¿Qué pasó realmente en esta partida?
Wolo.gg analiza cada decisión: build order, eco, micro, errores típicos por bracket. Análisis personalizado por WhatsApp o Discord en 30 segundos.
Guía civ
Sarracenos
Guía mapa
Nomad
Perfil
Jugador #348272